 Dungeon Crawl Stone Soup version 0.21-a0-150-gc243083 (webtiles) character file.

85557 tehllama the Geomancer (level 15, -11/92 HPs)
             Began as a Gargoyle Earth Elementalist on July 27, 2017.
             Was a High Priest of Vehumet.
             Mangled by a deep elf knight
             ... wielding a +0 long sword
              (12 damage)
             ... on level 1 of the Elven Halls.
             The game lasted 01:46:09 (34777 turns).

tehllama the Geomancer (GrEE)                      Turns: 34777, Time: 01:46:11

Health: -11/92     AC: 21    Str: 11    XL:     15   Next: 84%
Magic:  6/28       EV: 15    Int: 25    God:    Vehumet [*****.]
Gold:   1394       SH:  4    Dex: 10    Spells: 6/33 levels left

rFire    . . .     SeeInvis .   M - +4 eveningstar (crush)
rCold    . . .     Gourm    .   c - +0 buckler
rNeg     + + +     Faith    .   G - +2 robe {Archmagi}
rPois    ∞         Spirit   .   H - +2 helmet
rElec    +         Reflect  .   (no cloak)
rCorr    .         Harm     .   U - +1 pair of gloves {Str+3}
MR       ++...                  y - +0 pair of boots
Stlth    ++........             (no amulet)
HPRegen  0.25/turn              h - ring "Xioneluf" {rElec MR+ Str-5 Slay+5}
MPRegen  0.21/turn              o - ring "Beonuim" {*Drain +Fly rN++ Int+4}

@: about to teleport, flying
A: big wings, negative energy resistance 1, electricity resistance, unbreathing,
petrification resistance, rot immunity, AC +11
a: Stop Flying, Renounce Religion


You were on level 1 of the Elven Halls.
You worshipped Vehumet.
Vehumet was extremely pleased with you.
You were very hungry.

You visited 5 branches of the dungeon, and saw 22 of its levels.
You also visited: Labyrinth.

You collected 2956 gold pieces.
You spent 1562 gold pieces at shops.

Inventory:

Hand Weapons
 M - a +4 eveningstar of crushing (weapon)
Missiles
 b - 156 stones (quivered)
Armour
 c - a +0 buckler (worn)
 l - a +2 robe of resistance
 u - a +1 robe of positive energy
 y - a +0 pair of boots (worn)
 G - a +2 robe of the Archmagi (worn)
 H - a +2 helmet (worn)
 U - a +1 pair of gloves of strength (worn)
Jewellery
 f - a +3 ring of intelligence
 h - the ring "Xioneluf" (left hand) {rElec MR+ Str-5 Slay+5}
   (You bought it in a shop on level 2 of the Orcish Mines)

   [ring of protection from magic]

   It affects your strength (-5).
   It affects your accuracy and damage with ranged weapons and melee attacks
   (+5).
   It insulates you from electricity.
   It affects your resistance to hostile enchantments.
 m - an uncursed ring of ice
 o - the ring "Beonuim" (right hand) {*Drain +Fly rN++ Int+4}
   (You bought it in a shop on level 2 of the Orcish Mines)

   [ring of flight]

   It affects your intelligence (+4).
   It greatly protects you from negative energy.
   It lets you fly.
   It causes draining when unequipped.
 w - a +5 ring of intelligence
 A - an uncursed ring of protection from cold
Wands
 d - a wand of acid (2/15)
 i - a wand of confusion (27/48)
 p - a wand of digging (9/24)
 t - a wand of acid (5/15)
 D - a wand of disintegration (5/24)
 S - a wand of iceblast (7/15)
Scrolls
 k - 8 scrolls of amnesia
 q - 7 scrolls of teleportation
 r - a scroll of magic mapping
 C - 2 scrolls of identify
 L - 5 scrolls of remove curse
Potions
 j - a potion of curing
 n - a potion of agility
 z - 3 potions of brilliance
 O - a potion of ambrosia
Books
 e - a book of Changes

   Spells                             Type                      Level
   a - Beastly Appendage              Transmutation                1
   b - Sticks to Snakes               Transmutation                2
   c - Spider Form                    Transmutation/Poison         3
   d - Ice Form                       Ice/Transmutation            4
   e - Blade Hands                    Transmutation                5
 v - a book of Flames

   Spells                             Type                      Level
   a - Flame Tongue                   Conjuration/Fire             1
   b - Throw Flame                    Conjuration/Fire             2
   c - Conjure Flame                  Conjuration/Fire             3
   d - Inner Flame                    Hexes/Fire                   3
   e - Sticky Flame                   Conjuration/Fire             4
   f - Fireball                       Conjuration/Fire             5
 x - a book of Power

   Spells                             Type                      Level
   a - Iskenderun's Battlesphere      Conjuration/Charms           5
   b - Venom Bolt                     Conjuration/Poison           5
   c - Bolt of Magma                  Conjuration/Fire/Earth       5
   d - Iron Shot                      Conjuration/Earth            6
   e - Orb of Destruction             Conjuration                  7
   f - Spellforged Servitor           Conjuration/Summoning        7
 X - a book of Conjurations

   Spells                             Type                      Level
   a - Magic Dart                     Conjuration                  1
   b - Searing Ray                    Conjuration                  2
   c - Dazzling Spray                 Conjuration/Hexes            3
   d - Fulminant Prism                Conjuration/Hexes            4
   e - Force Lance                    Conjuration/Translocation    4
   f - Iskenderun's Mystic Blast      Conjuration                  4
Miscellaneous
 K - a box of beasts
 Q - a phantom mirror
Comestibles
 a - a bread ration
 g - 23 fruits
 s - 3 chunks of flesh


   Skills:
 + Level 10.0 Fighting
 + Level 9.2 Maces & Flails
 - Level 3.5 Armour
 + Level 8.1 Dodging
 - Level 2.1 Stealth
 - Level 4.4 Shields
 + Level 9.5 Spellcasting
 + Level 11.0 Conjurations
   Level 0.7 Transmutations
 + Level 10.8 Fire Magic
 + Level 12.7 Earth Magic
 + Level 8.4 Evocations


You had 6 spell levels left.
You knew the following spells:

 Your Spells              Type           Power        Failure   Level  Hunger
a - Sandblast             Erth           ######       1%          1    None
b - Stone Arrow           Conj/Erth      ######       1%          3    None
c - Lee's Rapid Deconstr  Erth           #######...   1%          5    ####...
d - Conjure Flame         Conj/Fire      #######.     1%          3    None
e - Sticky Flame          Conj/Fire      #######.     1%          4    #......
f - Bolt of Magma         Conj/Fire/Erth #######...   1%          5    ####...
g - Iron Shot             Conj/Erth      #######...   1%          6    ######.


Dungeon Overview and Level Annotations

Branches:
Dungeon (12/15)            Temple (1/1) D:6            Lair (6/6) D:8
 Shoals (0/4) Lair:4        Snake (0/4) Lair:2        Slime (0/5) Lair:6
    Orc (2/2) D:12            Elf (1/3) Orc:2

Altars:
Ashenzari
Cheibriados
Dithmenos
Elyvilon
Fedhas
Gozag
Hepliaklqana
Kikubaaqudgha
Makhleb
Nemelex Xobeh
Okawaru
Qazlal
Ru
Sif Muna
Trog
Uskayaw
Vehumet
Wu Jian
Xom
Yredelemnul
Zin
The Shining One
Jiyva

Shops:
D:7 :   D:9 (*:?   Orc:1 :   Orc:2 =[(!:


Innate Abilities, Weirdness & Mutations

You are resistant to torment.
Your stone body is resilient. (AC +11)
You are immune to poison.
Your large and strong wings let you fly indefinitely.
You resist negative energy. (rN+)
You are resistant to electric shocks. (rElec)
You can survive without breathing.
You are immune to petrification.
You are immune to rotting.


Message History

You feel a surge of power!
The deep elf knight blocks the blast of sand.
b - 156 stones The deep elf knight closely misses you.
The deep elf knight gestures at you while chanting.
The orb of energy hits you!
The orb of energy explodes!
The deep elf knight casts a spell at you.
The orb of energy hits you!
The orb of energy explodes!
The deep elf knight points at you and mumbles some strange words.
The stone arrow hits you!
* * * LOW HITPOINT WARNING * * *
You feel better.
The deep elf knight hits you but does no damage.
As you read the scroll of teleportation, it crumbles to dust.
You feel strangely unstable.
The deep elf knight gestures at you while chanting.
The stone arrow hits you!
* * * LOW HITPOINT WARNING * * *
The deep elf knight hits you with a long sword!
You die...

#.).......##
#.##.....'##
#...#...##.##
##...#######.##
#.....###.....##
..).....#.####.####+###
.)......#.# ##'#.....##
........#.# ##.......#
..8#8.....# #@......#
_.###.....# #.e.....+
..8#8.....# #.......#
........### #...e...#
).).....# #+....^##
........# ####e'#
#.....### #e#.# ##...##
#.##.# #...# #.# #.#


You could see a deep elf archer, a deep elf knight and 2 deep elf magi.

Vanquished Creatures
  A minotaur (Lab)
  A naga warrior (Lair:2)
  10 hydras
  A merfolk avatar (Lair:6)
  Erica (D:9)
  4 ogre magi (Orc:2)
  16 two-headed ogres
  3 dancing weapons (Elf:1)
  Urug (D:10)
  A deep elf knight (Elf:1)
  Sonja (Lair:2)
  An unseen horror (D:12)
  A sea snake (Lair:6)
  2 skeletal warriors (D:12)
  A lindwurm (Lair:5)
  A harpy (Lair:6)
  An ugly thing (D:11)
  2 manticores
  6 deep elf magi (Elf:1)
  13 elephants
  A centaur zombie (D:8)
  3 cyclopes
  A merfolk siren (Lair:4)
  Joseph (D:9)
  8 black mambas
  16 spiny frogs
  A gargoyle (D:11)
  7 rime drakes
  13 komodo dragons
  The ghost of tehllama the Digger, a novice GrEE of Vehumet (D:5)
  4 trolls
  4 slime creatures (D:12)
  2 hornets (Lair:6)
  6 polar bears
  11 hippogriffs
  7 blink frogs (Lair:6)
  A water elemental (Elf:1)
  A spriggan (D:8)
  37 yaks
  Sigmund (D:4)
  A wyvern (Lair:6)
  4 wraiths
  Grum (Lair:1)
  2 fire elementals (Elf:1)
  A human (D:12)
  4 basilisks
  5 wargs
  Edmund (D:4)
  5 nagas (Lair:2)
  21 water moccasins
  7 porcupines
  Duvessa (D:4)
  18 orc warriors
  2 ice beasts
  3 phantoms
  5 sky beasts
  3 black bears
  An eye of draining (D:12)
  33 ogres
  A necrophage (D:8)
  8 centaurs
  21 wolves
  18 crocodiles
  A big kobold (D:3)
  Blork the orc (D:4)
  11 bullfrogs
  Dowan (D:4)
  A wyvern zombie (D:12)
  4 scorpions
  5 killer bees (D:12)
  10 wights
  A crimson imp (D:7)
  2 bullfrog zombies
  2 jellies (D:9)
  4 lava snakes (Lab)
  2 bullfrog skeletons
  9 hounds
  22 orc wizards
  4 centaur skeletons
  12 orc priests
  3 iguanas
  Ijyb (D:4)
  11 worker ants
  2 hound skeletons
  4 adders
  3 shadow imps
  3 adder zombies
  An adder skeleton (D:4)
  3 dart slugs
  4 leopard geckos
  73 orcs
  5 bats
  9 giant cockroaches
  13 goblins
  13 hobgoblins
  6 jackals
  13 kobolds
  6 quokkas
  5 ball pythons
  A ball python skeleton (D:4)
  7 frilled lizards
  A jackal zombie (D:6)
  A leopard gecko skeleton (D:8)
  4 rats
  A butterfly (Lair:6)
  A fungus (Lair:6)
  2 plants
648 creatures vanquished.

Vanquished Creatures (collateral kills)
  A deep elf sorcerer (Elf:1)
  2 wolves (Lair:3)
3 creatures vanquished.

Vanquished Creatures (others)
  A spiny frog (Lair:6)
  A water elemental (Elf:1)
  An orc wizard (D:4)
  An orc (Orc:1)
  25 fungi
  13 plants
42 creatures vanquished.

Grand Total: 693 creatures vanquished

Notes
Turn   | Place    | Note
-------+----------+-------------------------------------------
     0 | D:1      | tehllama the Gargoyle Earth Elementalist began the quest for the Orb.
     0 | D:1      | Reached XP level 1. HP: 10/10 MP: 3/3
   223 | D:1      | Reached XP level 2. HP: 11/15 MP: 1/5
   224 | D:1      | Reached skill level 4 in Earth Magic
   736 | D:1      | Reached XP level 3. HP: 19/19 MP: 2/6
  1551 | D:2      | Learned a level 3 spell: Stone Arrow
  1634 | D:2      | Reached XP level 4. HP: 12/24 MP: 6/8
  2171 | D:2      | Found a sacrificial altar of Ru.
  2176 | D:2      | Found a bloodstained altar of Trog.
  2225 | D:2      | Reached skill level 1 in Conjurations
  2285 | D:2      | Reached skill level 5 in Earth Magic
  2546 | D:3      | Noticed a big kobold
  2559 | D:3      | Killed a big kobold
  2559 | D:3      | Reached XP level 5. HP: 15/28 MP: 0/10
  3131 | D:3      | Reached XP level 6. HP: 32/32 MP: 1/11
  3144 | D:3      | Learned a level 5 spell: Lee's Rapid Deconstruction
  3728 | D:4      | Noticed Sigmund
  3780 | D:4      | Killed Sigmund
  3780 | D:4      | Reached skill level 6 in Earth Magic
  3780 | D:4      | Reached XP level 7. HP: 36/36 MP: 7/13
  4004 | D:4      | Noticed Dowan
  4010 | D:4      | Noticed Duvessa
  4030 | D:4      | Killed Duvessa
  4049 | D:4      | Killed Dowan
  4324 | D:4      | Noticed Ijyb
  4334 | D:4      | Killed Ijyb
  4429 | D:4      | Noticed Blork the orc
  4434 | D:4      | Killed Blork the orc
  4434 | D:4      | Reached skill level 7 in Earth Magic
  4885 | D:5      | Entered Level 5 of the Dungeon
  4907 | D:5      | Noticed tehllama's ghost (novice GrEE)
  5040 | D:4      | Learned a level 3 spell: Conjure Flame
  5114 | D:5      | Noticed Edmund
  5133 | D:4      | Killed Edmund
  5133 | D:4      | Reached skill level 1 in Fighting
  5133 | D:4      | Reached skill level 5 in Spellcasting
  5133 | D:4      | Reached XP level 8. HP: 30/43 MP: 10/15
  5792 | D:5      | Killed tehllama's ghost
  5792 | D:5      | Reached skill level 1 in Maces & Flails
  5792 | D:5      | Reached skill level 1 in Armour
  5792 | D:5      | Reached skill level 5 in Conjurations
  5792 | D:5      | Reached skill level 1 in Fire Magic
  5792 | D:5      | Reached skill level 1 in Evocations
  6734 | D:6      | Reached XP level 9. HP: 46/49 MP: 10/16
  6871 | D:6      | Found a staircase to the Ecumenical Temple.
  6925 | Temple   | Entered the Ecumenical Temple
  7012 | Temple   | Became a worshipper of Vehumet
  8255 | D:7      | Found Muotu Veuse's Book Shoppe.
  8450 | D:7      | Reached * piety under Vehumet
  8450 | D:7      | Offered knowledge of Freeze by Vehumet.
  8505 | D:7      | Learned a level 4 spell: Sticky Flame
  9215 | D:8      | Reached skill level 8 in Earth Magic
  9215 | D:8      | Reached XP level 10. HP: 45/56 MP: 6/18
  9461 | D:8      | Reached skill level 5 in Fire Magic
  9761 | D:8      | Found a staircase to the Lair.
 10027 | D:8      | Offered knowledge of Shock by Vehumet.
 10363 | D:8      | Reached ** piety under Vehumet
 10615 | Lair:1   | Entered Level 1 of the Lair of Beasts
 10615 | Lair:1   | Noticed a five-headed hydra
 10671 | Lair:1   | Noticed Grum
 10674 | Lair:1   | Noticed a four-headed hydra
 10977 | Lair:1   | Killed a four-headed hydra
 11211 | Lair:1   | Noticed a spiny frog
 11220 | Lair:1   | Killed a spiny frog
 11320 | Lair:1   | Noticed a spiny frog
 11325 | Lair:1   | Killed a spiny frog
 11377 | Lair:1   | Noticed a spiny frog
 11381 | Lair:1   | Killed a spiny frog
 11419 | Lair:1   | Killed Grum
 11419 | Lair:1   | Reached XP level 11. HP: 62/62 MP: 14/20
 11463 | Lair:1   | Noticed an eight-headed hydra
 11470 | Lair:1   | Killed an eight-headed hydra
 11470 | Lair:1   | Reached skill level 9 in Earth Magic
 11903 | Lair:1   | Killed a five-headed hydra
 12323 | Lair:1   | Reached skill level 5 in Fighting
 12890 | Lair:2   | Noticed a naga warrior
 13062 | Lair:2   | Noticed Sonja
 13063 | Lair:2   | Killed Sonja
 13063 | Lair:2   | Reached skill level 5 in Maces & Flails
 13491 | Lair:2   | Offered knowledge of Ignite Poison by Vehumet.
 13516 | Lair:2   | Reached skill level 1 in Shields
 13626 | Lair:2   | Killed a naga warrior
 13754 | Lair:2   | Reached skill level 5 in Dodging
 13770 | Lair:2   | Reached XP level 12. HP: 69/69 MP: 3/22
 13910 | Lair:2   | Found a staircase to the Snake Pit.
 14111 | Lair:2   | Reached *** piety under Vehumet
 14261 | Lair:3   | Reached skill level 5 in Evocations
 14864 | Lair:3   | Learned a level 5 spell: Bolt of Magma
 15572 | Lair:3   | Offered knowledge of Mephitic Cloud by Vehumet.
 15994 | Lair:4   | Noticed a six-headed hydra
 16031 | Lair:4   | Killed a six-headed hydra
 16242 | Lair:4   | Found a shattered altar of Ashenzari.
 16593 | Lair:4   | Reached skill level 10 in Earth Magic
 17457 | Lair:4   | Reached **** piety under Vehumet
 17465 | Lair:4   | Reached XP level 13. HP: 52/76 MP: 1/24
 17748 | Lair:4   | Learned a level 6 spell: Iron Shot
 17793 | Lair:4   | Found a staircase to the Shoals.
 18767 | Lair:5   | Offered knowledge of Irradiate by Vehumet.
 19844 | Lair:6   | Entered Level 6 of the Lair of Beasts
 20303 | Lair:6   | Reached skill level 11 in Earth Magic
 21410 | Lair:6   | Gained mutation: Your large and strong wings let you fly indefinitely. [Gargoyle growth]
 21410 | Lair:6   | Reached XP level 14. HP: 74/84 MP: 6/26
 21827 | Lair:6   | Reached ***** piety under Vehumet
 22073 | Lair:6   | Found a viscous altar of Jiyva.
 22073 | Lair:6   | Found a staircase to the Slime Pits.
 22103 | Lair:6   | Offered knowledge of Bolt of Cold by Vehumet.
 22196 | Lair:6   | Got a polished leather armour
 22317 | Lair:6   | Identified the +3 leather armour of the Swan {rElec Dex+5} (You found it on level 6 of the Lair of Beasts)
 23411 | Lair:6   | Identified the Collected Works on Boosting Fire
 23488 | Lair:6   | Reached skill level 10 in Fire Magic
 23812 | D:9      | Noticed Erica
 23847 | D:9      | Killed Erica
 23965 | D:9      | Got a distressingly furry leather armour
 23986 | D:9      | Found Genar's Weapon Shoppe.
 23988 | D:9      | Found Hikhlepp's Book Shoppe.
 24002 | D:9      | Identified the +0 leather armour of Tatuam {+Inv rN+++ Dex-4 Stlth-} (You found it on level 9 of the Dungeon)
 24051 | D:9      | Found Puschixe's Magic Scroll Boutique.
 24054 | D:9      | Bought 3 scrolls of identify for 78 gold pieces
 24054 | D:9      | Bought a scroll of identify for 26 gold pieces
 24054 | D:9      | Bought a scroll of identify for 26 gold pieces
 24054 | D:9      | Bought a scroll of brand weapon for 260 gold pieces
 24054 | D:9      | Bought a scroll of identify for 26 gold pieces
 24054 | D:9      | Bought a scroll of vulnerability for 97 gold pieces
 24360 | D:9      | Noticed Joseph
 24363 | D:9      | Killed Joseph
 24464 | D:9      | Reached skill level 10 in Conjurations
 24474 | D:9      | Found Zudo's General Store.
 24498 | D:9      | Bought a scroll of enchant weapon for 90 gold pieces
 24847 | D:10     | Entered Level 10 of the Dungeon
 25032 | D:10     | Noticed Urug
 25035 | D:10     | Killed Urug
 25891 | D:11     | Found a labyrinth entrance.
 25900 | Lab      | Entered a labyrinth
 26660 | Lab      | Got a crude short sword {freeze}
 26661 | Lab      | Identified the +9 short sword "Qamias" {freeze, Int+4} (You took it off a minotaur in a labyrinth)
 28742 | D:12     | Found a staircase to the Orcish Mines.
 28769 | D:12     | Offered knowledge of Conjure Ball Lightning by Vehumet.
 28816 | D:12     | Reached XP level 15. HP: 72/90 MP: 5/28
 29409 | D:12     | Reached skill level 12 in Earth Magic
 29897 | Orc:1    | Entered Level 1 of the Orcish Mines
 30945 | Orc:2    | Entered Level 2 of the Orcish Mines
 30998 | Orc:2    | Found a staircase to the Elven Halls.
 31076 | Orc:2    | Found Hais's Book Emporium.
 31611 | Orc:2    | Found Nuwnuon's Antique Armour Shop.
 32528 | Orc:2    | Offered knowledge of Freezing Cloud by Vehumet.
 32931 | Orc:2    | Found Fanypp's Jewellery Emporium.
 32932 | Orc:2    | Found Amiagone's Distillery.
 32932 | Orc:2    | Found Voczysisk's Antique Weapon Shop.
 33238 | Orc:2    | Bought the ring "Xioneluf" {rElec MR+ Str-5 Slay+5} for 544 gold pieces
 33238 | Orc:2    | Bought the ring "Beonuim" {*Drain +Fly rN++ Int+4} for 415 gold pieces
 33546 | Orc:1    | Found Feal's Book Emporium.
 33851 | Elf:1    | Entered Level 1 of the Elven Halls
 33965 | Elf:1    | Found a radiant altar of Vehumet.
 33979 | Elf:1    | Noticed a deep elf sorcerer
 33996 | Elf:1    | Killed a deep elf sorcerer
 34262 | Elf:1    | Reached skill level 10 in Fighting
 34777 | Elf:1    | HP: 1/92 [deep elf knight/stone arrow (10)]
 34777 | Elf:1    | Mangled by a deep elf knight

Vault maps used:
D:1:      tarquinn_simple_flora_water_d
D:2:      amethyst_overflow_temple_binary, kennysheep_small_spiral,
          grunt_ministairs_10, st_stairs_10
D:3:      cheibrodos_thug_alley
D:4:      uniq_blork_the_orc, uniq_duvessa, uniq_ijyb, uniq_sigmund
D:5:      first_bread, kennysheep_small_circle, uniq_edmund
D:6:      minmay_temple_entry_overgrown, st_stairs_4, minivault_1
D:7:      serial_shops, kennysheep_mini_moat
D:8:      erik_lair_orcish_takeover, the_bakery
D:9:      serial_shops, kennysheep_mini, shop_coins, nicolae_shop_stone, shop,
          uniq_erica, uniq_joseph
D:10:     uniq_urug
D:11:     lab_entry_generic
D:12:     erik_orc_4, kennysheep_generic_room_11
Temple:   regret_index_temple_chain_breaker
Lair:1:   uniq_grum
Lair:2:   minmay_snake_entry_guardpost_medium, serial_bayou_crossing,
          grunt_megastairs_3, uniq_sonja
Lair:3:   grunt_megastairs_2
Lair:4:   minmay_shoals_entry_lonely_mermaid, lemuel_centaur_altar
Lair:5:   st_stairs_7
Lair:6:   gammafunk_lair_ancient_temple, slime_altar_1, lemuel_fruit_fields
Orc:1:    enter_bailey_7, serial_shops, nicolae_shop_behind_doors
Orc:2:    st_orc_ogre_mass, serial_shops, shop_statue
Elf:1:    eino_elf_arrival_altar, minmay_elf_sorcery
Lab:      nicolae_lab_dead_adventurers, labyrinth_lava_lair

Skill      XL: |  1  2  3  4  5  6  7  8  9 10 11 12 13 14 15 |
---------------+----------------------------------------------+-----
Earth Magic    | 4 5 6 7 8 9 10 11 12 | 12.7
Spellcasting   | 3 4 5 6 7 8 9 |  9.5
Conjurations   | 2 3 4 5 6 7 8 9 10 11 | 11.0
Fighting       | 1 2 3 4 5 6 8 9 10 | 10.0
Maces & Flails | 1 3 4 5 6 7 8 9 |  9.2
Armour         | 2 3 |  3.5
Dodging        | 2 3 4 5 6 7 8 |  8.1
Fire Magic     | 2 4 6 7 8 9 10 | 10.8
Evocations     | 1 2 3 4 5 6 7 8 |  8.4
Shields        | 1 4 |  4.4
Stealth        | |  2.1
Transmutations | |  0.7

Action                   |  1- 3 |  4- 6 |  7- 9 | 10-12 | 13-15 || total
-------------------------+-------+-------+-------+-------+-------++-------
Melee: Club              |    98 |     8 |       |       |       ||   106
       Unarmed           |     3 |       |       |       |       ||     3
       Mace              |       |    41 |       |       |       ||    41
       Flail             |       |     4 |    16 |       |       ||    20
       Dire flail        |       |       |   100 |    91 |    96 ||   287
       Eveningstar       |       |       |       |       |   161 ||   161
       Morningstar       |       |       |       |       |    64 ||    64
Throw: Stone             |       |       |     1 |     1 |     1 ||     3
 Cast: Sandblast         |    27 |    42 |    72 |   104 |   188 ||   433
       Stone Arrow       |       |    19 |    77 |   199 |   274 ||   569
       Lee's Rapid Decon |       |       |     2 |     9 |    16 ||    27
       Conjure Flame     |       |       |     1 |    10 |    27 ||    38
       Bolt of Magma     |       |       |       |    12 |    36 ||    48
       Sticky Flame      |       |       |       |     6 |    23 ||    29
       Iron Shot         |       |       |       |       |   117 ||   117
 Abil: Fly               |       |       |       |       |     1 ||     1
  Use: Scroll            |       |     4 |    11 |    16 |    27 ||    58
       Potion            |       |     1 |     6 |     2 |    11 ||    20
 Stab: Sleeping          |     3 |     1 |     1 |       |     1 ||     6
  Eat: Chunk             |     3 |     8 |    22 |    30 |    85 ||   148
       Bread ration      |       |       |       |     1 |     1 ||     2
       Meat ration       |       |       |       |       |     2 ||     2
       Fruit             |       |       |       |       |     8 ||     8
Armor: Robe              |    52 |    25 |    59 |   142 |   243 ||   521
       Skin              |       |       |       |       |    19 ||    19
Dodge: Dodged            |   121 |    67 |    94 |   202 |   447 ||   931
Block: Buckler           |       |       |       |       |    85 ||    85
